 Dungeon Crawl Stone Soup version 0.26-a0-504-g0cf647090d (webtiles) character file.

Game seed: 14672169471805778035

340330 threeofswords the Peltast (level 22, 0/174 HPs)
             Began as a Gnoll Gladiator on Aug 8, 2020.
             Was an Initiate of Gozag.
             Slain by a deep troll (2 damage)
             ... on level 2 of the Depths.
             The game lasted 02:14:55 (58526 turns).

threeofswords the Peltast (Gnoll Gladiator)        Turns: 58526, Time: 02:14:56

Health: 0/174      AC: 32    Str: 20    XL:     22   Next: 32%
Magic:  0/40       EV: 23    Int: 15    God:    Gozag
Gold:   4345       SH:  8    Dex: 35    Spells: 30/49 levels left

rFire    + + +     SeeInvis +   c - +7 great mace "Firestarter" {inner flame, rF++}
rCold    . . .     Faith    .   (shield currently unavailable)
rNeg     + . .     Spirit   +   S - +11 chain mail "Honoeky" {+Inv +Fly Dex+4}
rPois    .         Reflect  .   R - +1 helmet {SInv}
rElec    +         Harm     .   o - +2 cloak {rCorr}
rCorr    +                      (no gloves)
MR       +....                  e - +0 pair of boots
Stlth    +++.......             i - brooch of Shielding {Spirit SH+8}
HPRegen  0.39/turn              H - ring "Tevyuqeb" {rN+ Dex+6}
MPRegen  0.27/turn              g - ring "Zeex Naf" {rElec rF+++ Dex+6 SInv Stlth-}

@: gold aura, studying 3 skills
A: distributed training, fangs 1, screaming 1, strong nose
}: 1/15 runes: serpentine
a: Potion Petition, Call Merchant, Bribe Branch, Renounce Religion, Evoke
Invisibility, Evoke Flight


You were on level 2 of the Depths.
You worshipped Gozag.
Gozag was most pleased with you.
You visited 7 branches of the dungeon, and saw 33 of its levels.
You visited the Abyss 1 time.
You also visited: Sewer, Bailey, Ice Cave and Desolation.

You collected 17033 gold pieces.
You spent 9426 gold pieces at shops.
You paid 3262 gold pieces to Gozag.

Inventory:

Hand Weapons
 c - the +7 great mace "Firestarter" (weapon) {inner flame, rF++}
   (You bought it in a shop on level 4 of the Snake Pit)

   It has been specially enchanted to burn those struck by it, causing extra
   injury to most foes and up to half again as much damage against particularly
   susceptible opponents.
   It greatly protects you from fire.
 j - the +6 arbalest "Damnation" {damnation}
   (You bought it in a shop on level 1 of the Depths)
 D - a +7 lajatang of electrocution
 F - the +3 sling "Punk" {acid, rCorr}
   (You bought it in a shop on level 15 of the Dungeon)

   It provides partial protection from all sources of acid and corrosion.
 X - the +7 longbow of Pyud {vorpal, Str+5}
   (You bought it in a shop on level 2 of the Orcish Mines)

   Any arrow fired from it inflicts extra damage.
   It affects your strength (+5).
Missiles
 d - 2 throwing nets
 f - 5 javelins
 q - 20 boomerangs (quivered)
 y - 197 bolts
 L - 90 sling bullets
 Y - 857 arrows
Armour
 e - a +0 pair of boots (worn)
 o - a +2 cloak of preservation (worn)
 Q - a +2 kite shield of reflection
 R - a +1 helmet of see invisible (worn)
 S - the +11 chain mail "Honoeky" (worn) {+Inv +Fly Dex+4}
   (You found it in an ice cave)

   It affects your dexterity (+4).
   It lets you turn invisible.
   It lets you fly.
Jewellery
 g - the ring "Zeex Naf" (right hand) {rElec rF+++ Dex+6 SInv Stlth-}
   (You found it on level 3 of the Elven Halls)

   [ring of dexterity]

   It affects your dexterity (+6).
   It renders you almost immune to fire.
   It insulates you from electricity.
   It lets you see invisible.
   It makes you less stealthy.
 i - the brooch of Shielding (around neck) {Spirit SH+8}
   (You bought it in a shop on level 2 of the Orcish Mines)

   [amulet of guardian spirit]

   It causes incoming damage to be split between your health and magic.
   It affects your SH (+8).
 s - an uncursed amulet of regeneration
 H - the ring "Tevyuqeb" (left hand) {rN+ Dex+6}
   (You found it on level 14 of the Dungeon)

   [ring of dexterity]

   It affects your dexterity (+6).
   It protects you from negative energy.
Wands
 b - a wand of paralysis (18)
 r - a wand of acid (4)
 U - a wand of iceblast (3)
Scrolls
 h - 2 scrolls of magic mapping
 k - 17 scrolls of teleportation
 m - 6 scrolls of fog
 t - 2 scrolls of holy word
 B - 7 scrolls of summoning
 C - 6 scrolls of blinking
 G - a scroll of silence
 K - 8 scrolls of immolation
 V - a scroll of identify
Potions
 a - 4 potions of brilliance
 n - 6 potions of might
 p - 3 potions of resistance
 u - 9 potions of heal wounds
 v - 11 potions of curing
 w - 8 potions of lignification
 z - 3 potions of ambrosia
 I - 4 potions of cancellation
 J - a potion of berserk rage
 M - 3 potions of invisibility
 W - 2 potions of haste
Books
 l - a manual of Shields
 A - a manual of Air Magic
 N - a manual of Earth Magic
Miscellaneous
 x - a phantom mirror
 E - a tin of tremorstones (3/3)
 O - a condenser vane (3/4)
 P - a lightning rod (4/4)
 T - a phial of floods
 Z - a box of beasts (3/3)


   Skills:
 + Level 14.9 Fighting
 + Level 14.3 Short Blades
 + Level 14.3 Long Blades
 + Level 14.3 Axes
 + Level 14.3 Maces & Flails
 + Level 14.3 Polearms
 + Level 15.4 Staves
 + Level 14.3 Slings
 + Level 14.3 Bows
 + Level 14.3 Crossbows
 + Level 14.9 Throwing
 + Level 14.3 Armour
 + Level 15.4 Dodging
 + Level 14.3 Stealth
 + Level 18.0 Shields
 + Level 14.3 Unarmed Combat
 + Level 14.3 Spellcasting
 + Level 12.3 Conjurations
 + Level 12.3 Hexes
 + Level 12.3 Summonings
 + Level 12.3 Necromancy
 + Level 12.3 Translocations
 + Level 12.3 Transmutations
 + Level 12.3 Fire Magic
 + Level 12.3 Ice Magic
 + Level 12.9 Air Magic
 + Level 14.6 Earth Magic
 + Level 12.3 Poison Magic
 + Level 15.4 Invocations
 + Level 14.3 Evocations


You had 30 spell levels left.
You knew the following spells:

 Your Spells              Type           Power        Failure   Level
a - Call Imp              Summ           #####...     1%          2
b - Wereblood             Tmut           #####...     1%          2
c - Beastly Appendage     Tmut           #####.       1%          1
d - Dazzling Flash        Conj/Hex       #####.       1%          3
e - Apportation           Tloc           #####.       1%          1
f - Summon Mana Viper     Hex/Summ       #####...     6%          5
g - Borgnjor's Vile Clut  Necr/Erth      ######....   3%          5

Your spell library contained the following spells:

 Spells                   Type           Power        Failure   Level
 Animate Skeleton         Necr           #####.       1%          1
 Corona                   Hex            #####..      1%          1
 Foxfire                  Conj/Fire      ####         1%          1
 Freeze                   Ice            ####         1%          1
 Magic Dart               Conj           ####         1%          1
 Sting                    Tmut/Pois      ####         1%          1
 Summon Small Mammal      Summ           ####         1%          1
 Ensorcelled Hibernation  Hex/Ice        #####.       1%          2
 Poisonous Vapours        Pois/Air       #####.       1%          2
 Searing Ray              Conj           #####.       1%          2
 Slow                     Hex            #####...     1%          2
 Sublimation of Blood     Necr           #####.....   1%          2
 Call Canine Familiar     Summ           #####...     1%          3
 Confusing Touch          Hex            #####...     1%          3
 Conjure Flame            Conj/Fire      #####...     1%          3
 Frozen Ramparts          Ice            #####.       1%          3
 Gell's Gravitas          Tloc           #####.....   1%          3
 Ignite Poison            Fire/Tmut/Pois #####...     1%          3
 Inner Flame              Hex/Fire       #####...     1%          3
 Portal Projectile        Hex/Tloc       #####.       1%          3
 Spider Form              Tmut/Pois      #####.....   1%          3
 Static Discharge         Conj/Air       #####...     1%          3
 Summon Guardian Golem    Hex/Summ       #####...     1%          3
 Tukima's Dance           Hex            #####...     1%          3
 Vampiric Draining        Necr           #####.....   1%          3
 Leda's Liquefaction      Hex/Erth       ######....   1%          4
 Petrify                  Tmut/Erth      ######..     1%          4
 Summon Lightning Spire   Summ/Air       #####...     1%          4
 Animate Dead             Necr           #####.....   2%          4
 Cause Fear               Hex            #####.....   2%          4
 Fulminant Prism          Conj/Hex       #####.....   2%          4
 Hailstorm                Conj/Ice       #####...     2%          4
 Ice Form                 Ice/Tmut       #####...     2%          4
 Iskenderun's Mystic Bla  Conj/Tloc      #####...     2%          4
 Passage of Golubria      Tloc           N/A          2%          4
 Sticky Flame             Conj/Fire      #####...     2%          4
 Summon Ice Beast         Ice/Summ       #####...     2%          4
 Bolt of Magma            Conj/Fire/Erth ######....   4%          5
 Lightning Bolt           Conj/Air       #####.....   5%          5
 Agony                    Necr           #####...     6%          5
 Alistair's Intoxication  Tmut/Pois      #####....    6%          5
 Blade Hands              Tmut           #####.....   6%          5
 Excruciating Wounds      Necr           #####.....   6%          5
 Fireball                 Conj/Fire      #####.....   6%          5
 Irradiate                Conj/Tmut      #####.....   6%          5
 Iskenderun's Battlesphe  Conj           #####...     6%          5
 Metabolic Englaciation   Hex/Ice        #####.....   6%          5
 Summon Demon             Summ           #####.....   6%          5
 Summon Forest            Summ/Tloc      #####.....   6%          5
 Yara's Violent Unravell  Hex/Tmut       #####.....   6%          5
 Iron Shot                Conj/Erth      ######....   21%         6
 Statue Form              Tmut/Erth      ######...    21%         6
 Freezing Cloud           Conj/Ice/Air   #####.....   30%         6
 Hydra Form               Tmut           #####.....   32%         6
 Invisibility             Hex            #####...     32%         6
 Ozocubu's Refrigeration  Ice            #####.....   32%         6
 Shadow Creatures         Summ           N/A          32%         6
 Simulacrum               Ice/Necr       #####.....   32%         6
 Dragon Form              Tmut           #####.....   88%         7
 Malign Gateway           Summ/Tloc      #####.....   88%         7
 Orb of Destruction       Conj           #####.....   88%         7
 Spellforged Servitor     Conj/Summ      #####.....   88%         7
 Summon Hydra             Summ           #####.....   88%         7
 Controlled Blink         Tloc           N/A          100%        8
 Disjunction              Tloc           #####.....   100%        8
 Ignition                 Fire           #####.....   100%        8
 Shatter                  Erth           ######....   100%        9
 Tornado                  Air            #####.....   100%        9


Dungeon Overview and Level Annotations

Branches:
Dungeon (15/15)            Temple (1/1) D:5            Lair (6/6) D:8
 Shoals (0/4) Lair:2        Snake (4/4) Lair:3        Slime (0/5) Lair:6
    Orc (2/2) D:11            Elf (3/3) Orc:2        Vaults (0/5) D:13
 Depths (2/5) D:15          Sewer (visited)          Bailey (visited)
  IceCv (visited)         Desolation (visited)

Altars:
Ashenzari
Dithmenos
Elyvilon
Fedhas
Gozag
Kikubaaqudgha
Makhleb
Nemelex Xobeh
Okawaru
Sif Muna
Trog
Vehumet
Wu Jian
Xom
Zin
The Shining One
Beogh

Shops:
D:4 *(!   D:5 [   D:7 ?   D:8 *   D:13 :   D:15 (?(*   Orc:2 (([=*   Snake:4 (
Depths:1 *

Portals:
Hell: Depths:1 Depths:2
Abyss: Depths:2
Ziggurat: Depths:2

Annotations:
Elf:2 5 runed translucent doors


Innate Abilities, Weirdness & Mutations

Your experience applies equally to all skills.
You have very sharp teeth.
Your uncanny sense of smell can sniff out nearby items.
You occasionally shout uncontrollably at your foes.


Message History

Unknown command.
The deep troll is engulfed in blazing flames.
Flame seeps out of the deep troll.
You see here 9 gold pieces.
The deep troll bites you but does no damage.
You block the deep troll's attack. The deep troll completely misses you.
The deep troll's inner flame fades away.
The deep troll barely misses you. x2; You block the deep troll's attack.
You see here 4 gold pieces.
The deep troll bites you but does no damage.
The deep troll claws you but does no damage.
The deep troll completely misses you. The deep troll bites you!
* * * LOW HITPOINT WARNING * * *
You block the deep troll's attack. The deep troll closely misses you.
The deep troll bites you!!
* * * LOW HITPOINT WARNING * * *
The deep troll completely misses you. The deep troll claws you.
You die...
Your body crumbles into a pile of gold.

,,,,,,,,,..........≈.............
,,,,,,,,,....≈≈.≈≈≈.........≈≈≈≈≈
,,,,,,,......≈..≈≈≈$........≈≈≈≈≈
,,,,,,.........≈≈≈$$........≈≈≈≈≈
,,,,,........#..≈≈..........≈≈≈≈≈
,,,,....≈..###..(.T$.....≈≈≈≈≈≈≈≈
,,≈≈≈≈.≈≈...#$...≈≈≈≈≈≈..≈≈≈≈≈≈≈)
,.≈≈≈$.≈≈≈......TT≈≈≈≈≈..≈≈≈≈≈≈≈≈
,...≈≈.≈u≈.$.$$.@≈≈≈≈≈...≈≈≈≈≈≈≈≈
,...$u.≈.........≈≈≈.....≈≈≈≈≈≈≈≈
,..$≈≈.......$...≈≈≈.....≈≈≈≈≈...
,..≈≈≈≈§.........≈≈≈.....≈≈≈≈≈...
,...≈≈≈≈.$...............≈≈≈≈≈...
,......≈.................≈≈≈≈≈≈≈≈
,,##...§..$......###....≈≈≈≈≈≈≈≈≈
,*#..............# #.....≈≈≈≈≈≈≈≈
**#..............###.....≈≈≈≈≈≈≈≈


You could see 3 deep trolls.

Vanquished Creatures
  A juggernaut (Depths:1)
  An ancient lich (Depths:1)
  Bai Suzhen (Elf:3)
  A bone dragon (Abyss:2)
  4 deep elf blademasters (Elf:3)
  3 liches
  2 sphinxes
  A tentacled starspawn (Abyss:2)
  3 shadow dragons (D:15)
  A tengu reaver (Depths:1)
  Kirke (Lair:4)
  A fire giant (Depths:1)
  2 frost giants
  10 nagarajas
  An orc warlord (Orc:2)
  3 imperial myrmidons (Desolation)
  8 deep elf sorcerers
  Aizul (Snake:4)
  2 angels (Elf:1)
  4 deep elf elementalists (Elf:3)
  9 very ugly things
  8 stone giants
  2 deep elf demonologists (Elf:3)
  6 deep elf annihilators (Elf:3)
  The ghost of fly the Acolyte, a journeyman FoDe of the Shining One (Lair:1)
  A halazid warlock (Desolation)
  A spark wasp (Depths:2)
  A merfolk javelineer (Depths:2)
  6 ettins
  4 fire dragons
  6 deep elf death magi
  6 great orbs of eyes
  2 crystal guardians (Desolation)
  6 rakshasas
  5 peacekeepers (Desolation)
  3 yaktaur captains
  6 ogre magi
  8 ragged hierophants (Desolation)
  The ghost of thethe the Brawler, a journeyman TrCj of Ashenzari (Orc:1)
  10 deep elf high priests (Elf:3)
  7 ice dragons
  The ghost of Uret the Basher, a journeyman GrFi of Zin (D:13)
  A quicksilver dragon skeleton (Depths:1)
  4 servants of whispers (Desolation)
  A hell beast (Depths:2)
  A juggernaut simulacrum (Depths:2)
  6 hydras
  9 naga warriors
  3 catoblepae
  A death knight (D:14)
  5 anacondas
  9 centaur warriors
  17 two-headed ogres
  6 deep troll earth magi
  2 orc high priests
  2 vampire magi (Depths:1)
  7 deep troll shamans
  A dancing weapon (Elf:3)
  6 thrashing horrors (Abyss:2)
  8 tengu warriors
  A titan zombie (Abyss:2)
  A sun demon (Depths:2)
  3 soul eaters (Depths:1)
  15 naga sharpshooters
  14 deep elf knights
  4 shock serpents
  A storm dragon zombie (Depths:2)
  A shadow wraith (Depths:1)
  4 skeletal warriors
  An iron troll (Depths:2)
  A spark wasp zombie (Depths:1)
  The ghost of RedRedRas the Unseen, a novice SpDe of Wu Jian (D:9)
  A deep troll (shapeshifter) (Depths:1)
  A glowing orange brain (Depths:1)
  A hell knight (Depths:1)
  18 deep trolls
  12 deep elf archers
  3 unseen horrors
  A wizard (Depths:2)
  4 flayed ghosts
  4 naga ritualists
  An orange crystal statue (Lair:5)
  3 ironbrand convokers (Desolation)
  5 necromancers
  3 oklob plants (Snake:1)
  9 mana vipers
  22 ugly things
  7 orc knights
  A shining eye (Abyss:2)
  2 iron dragon zombies
  42 deep elf magi
  3 orc sorcerers
  3 salamanders
  3 cyclopes
  4 manticores
  2 frost giant zombies
  4 guardian serpents
  A sphinx skeleton (Depths:2)
  12 elephants
  Maurice (D:8)
  A worldbinder (Abyss:2)
  2 moths of wrath (Orc:1)
  3 ice statues (IceCv)
  A molten gargoyle (Desolation)
  2 rust devils
  An elephant (shapeshifter) (Depths:1)
  3 gargoyles
  23 black mambas
  A cane toad (shapeshifter) (D:14)
  23 naga magi
  A smoke demon (Abyss:2)
  A torpor snail (Lair:6)
  7 cane toads
  7 komodo dragons
  4 kobold demonologists
  4 ice devils
  21 yaktaurs
  A spriggan zombie (Depths:1)
  4 rime drakes
  2 demonic crawlers (D:14)
  An efreet (D:15)
  2 ancient zymes (Abyss:2)
  A hellwing (D:14)
  A tengu conjurer (Depths:1)
  6 polar bears
  6 hornets (Lair:6)
  7 slime creatures
  41 saltlings (Desolation)
  5 trolls
  A raiju (shapeshifter) (D:14)
  3 large abominations (Abyss:2)
  A snapping turtle (shapeshifter) (D:13)
  9 blink frogs (Lair:6)
  10 hippogriffs
  23 yaks
  An elf skeleton (Depths:1)
  A ynoxinul (Abyss:2)
  4 air elementals (Elf:3)
  13 spriggans (Lair:6)
  4 wraiths
  Sigmund (D:3)
  3 vampires
  9 flying skulls
  7 water elementals
  2 shadows
  A deep troll skeleton (Depths:1)
  4 wyverns
  A hog (Lair:4)
  A yak (shapeshifter) (Depths:1)
  3 fire elementals
  A chaos spawn (Abyss:2)
  3 basilisks
  4 vampire mosquitoes (D:13)
  A swamp worm (shapeshifter) (Depths:1)
  A steam dragon (Lair:4)
  9 wargs
  28 nagas
  An acid dragon (D:8)
  A floating eye (Depths:2)
  8 porcupines
  11 ice beasts
  17 water moccasins
  A floating eye (shapeshifter) (D:4)
  A meliai simulacrum (D:14)
  4 black bears (Lair:6)
  3 eyes of draining
  44 orc warriors
  A spriggan simulacrum (Depths:2)
  17 centaurs
  4 sky beasts
  22 ogres
  21 boggarts
  26 wolves
  4 phantoms
  10 crocodiles
  6 small abominations
  7 big kobolds
  17 bullfrogs
  3 earth elementals
  3 wyvern zombies
  5 scorpions
  2 wyvern skeletons
  10 killer bees
  3 wights (D:10)
  4 howler monkeys
  9 electric eels
  3 crimson imps (D:14)
  3 lava snakes (Lair:5)
  4 draconian simulacra (IceCv)
  4 quasits
  Crazy Yiuf (D:4)
  3 jellies
  23 orc priests
  A water moccasin simulacrum (D:9)
  5 hounds
  4 centaur zombies
  30 orc wizards
  7 centaur skeletons
  2 iron imps (D:14)
  5 bullfrog skeletons
  7 iguanas
  5 troll simulacra (IceCv)
  12 worker ants
  A bullfrog simulacrum (D:9)
  2 centaur simulacra
  A hound zombie (D:11)
  A killer bee simulacrum (D:9)
  2 worker ant zombies (D:11)
  3 gnolls (D:2)
  15 adders
  5 river rats
  3 shadow imps
  14 white imps
  7 ufetubi
  3 oozes (Sewer)
  An adder skeleton (D:8)
  8 worms
  9 leopard geckos
  136 orcs
  18 bats
  7 giant cockroaches
  5 goblins
  7 hobgoblins
  15 jackals
  25 kobolds
  7 quokkas
  9 ball pythons
  5 frilled lizards
  A jackal skeleton (D:4)
  A leopard gecko skeleton (D:4)
  4 rats
  A crawling corpse (Depths:1)
  A plant (Lair:6)
  2 starspawn tentacles (Abyss:2)
1494 creatures vanquished.

Vanquished Creatures (others)
  An ettin (Depths:1)
  A naga warrior (Snake:4)
  12 dancing weapons
  A naga ritualist (Snake:4)
  A kobold demonologist (D:15)
  A human (Lair:4)
  A water moccasin (Lair:4)
  3 centaurs
  An orc (D:10)
  A kobold (D:15)
  A fungus (Lair:3)
  A plant (Lair:2)
  13 starspawn tentacles (Abyss:2)
38 creatures vanquished.

Grand Total: 1532 creatures vanquished

Notes
Turn   | Place    | Note
-------+----------+-------------------------------------------
     0 | D:1      | threeofswords the Gnoll Gladiator began the quest for the
                  | Orb.
     0 | D:1      | Reached XP level 1. HP: 20/20 MP: 1/1
   388 | D:1      | Reached XP level 2. HP: 26/26 MP: 2/2
   882 | D:2      | Reached XP level 3. HP: 31/31 MP: 3/3
   932 | D:2      | Reached skill level 1 in Invocations
  1319 | D:2      | Reached skill level 1 in Short Blades
  1319 | D:2      | Reached skill level 1 in Long Blades
  1319 | D:2      | Reached skill level 1 in Axes
  1319 | D:2      | Reached skill level 1 in Maces & Flails
  1319 | D:2      | Reached skill level 1 in Polearms
  1319 | D:2      | Reached skill level 1 in Slings
  1319 | D:2      | Reached skill level 1 in Bows
  1319 | D:2      | Reached skill level 1 in Crossbows
  1319 | D:2      | Reached skill level 1 in Armour
  1319 | D:2      | Reached skill level 1 in Stealth
  1319 | D:2      | Reached skill level 1 in Shields
  1319 | D:2      | Reached skill level 1 in Unarmed Combat
  1319 | D:2      | Reached skill level 1 in Spellcasting
  1319 | D:2      | Reached skill level 1 in Evocations
  1319 | D:2      | Reached XP level 4. HP: 27/38 MP: 5/5
  1590 | D:2      | Reached skill level 1 in Conjurations
  1590 | D:2      | Reached skill level 1 in Hexes
  1590 | D:2      | Reached skill level 1 in Summonings
  1590 | D:2      | Reached skill level 1 in Necromancy
  1590 | D:2      | Reached skill level 1 in Translocations
  1590 | D:2      | Reached skill level 1 in Transmutations
  1590 | D:2      | Reached skill level 1 in Fire Magic
  1590 | D:2      | Reached skill level 1 in Ice Magic
  1590 | D:2      | Reached skill level 1 in Air Magic
  1590 | D:2      | Reached skill level 1 in Earth Magic
  1590 | D:2      | Reached skill level 1 in Poison Magic
  1890 | D:3      | Reached XP level 5. HP: 43/43 MP: 6/6
  1904 | D:3      | Found a radiant altar of Vehumet.
  1961 | D:3      | Noticed Sigmund
  2031 | D:3      | Killed Sigmund
  2031 | D:3      | Reached XP level 6. HP: 50/50 MP: 6/8
  2071 | D:3      | Learned a level 2 spell: Call Imp
  2185 | D:3      | Reached skill level 5 in Fighting
  2185 | D:3      | Reached skill level 5 in Throwing
  2426 | D:3      | Learned a level 2 spell: Wereblood
  2470 | D:3      | Learned a level 1 spell: Beastly Appendage
  2764 | D:4      | Reached skill level 2 in Shields
  2782 | D:4      | Found Gaesup's Weapon Shop.
  2972 | D:4      | Found a glowing drain.
  2976 | Sewer    | Entered a sewer
  3705 | D:4      | Reached XP level 7. HP: 48/56 MP: 10/10
  3850 | D:4      | Found Hoczal's Distillery.
  3872 | D:4      | Bought a potion of heal wounds for 65 gold pieces
  3872 | D:4      | Bought a potion of curing for 39 gold pieces
  3872 | D:4      | Bought a potion of lignification for 39 gold pieces
  4075 | D:4      | Found a runed translucent door.
  4076 | D:4      | Noticed Crazy Yiuf
  4222 | D:4      | Killed Crazy Yiuf
  4308 | D:4      | Found Hemoesm's Assorted Antiques.
  4316 | D:4      | Bought a sedimented coppery potion for 24 gold pieces
  4700 | D:4      | Learned a level 3 spell: Dazzling Flash
  4711 | D:5      | Entered Level 5 of the Dungeon
  4711 | D:5      | Found Byremi's Antique Armour Boutique.
  4718 | D:5      | Noticed a glowing shapeshifter
  4718 | D:5      | a howler monkey changed into a glowing shapeshifter
  4718 | D:5      | Noticed a two-headed ogre
  4718 | D:5      | a glowing shapeshifter changed into a two-headed ogre
  4731 | D:4      | a two-headed ogre changed into a floating eye
  4912 | D:5      | Found a staircase to the Ecumenical Temple.
  4957 | Temple   | Entered the Ecumenical Temple
  5070 | Temple   | Became a worshipper of Gozag Ym Sagoz the Greedy
  5155 | D:5      | Reached XP level 8. HP: 63/63 MP: 12/12
  5290 | D:5      | Reached skill level 3 in Shields
  6130 | D:6      | Got a fine hand axe
  6139 | D:6      | Identified the +4 hand axe "Tormentor" {holy, Dex+5} (You
                  | found it on level 6 of the Dungeon)
  6684 | D:6      | Reached XP level 9. HP: 68/69 MP: 14/14
  7020 | D:7      | Reached skill level 4 in Shields
  7127 | D:7      | Found Dorhex's Magic Scroll Boutique.
  7135 | D:7      | Bought a scroll of magic mapping for 42 gold pieces
  8344 | D:8      | Noticed Maurice
  8362 | D:8      | Killed Maurice
  8362 | D:8      | Reached skill level 5 in Invocations
  8565 | D:8      | Reached XP level 10. HP: 70/77 MP: 17/17
  8616 | D:8      | Found a staircase to the Lair.
  8653 | D:8      | Reached skill level 5 in Short Blades
  8653 | D:8      | Reached skill level 5 in Long Blades
  8653 | D:8      | Reached skill level 5 in Axes
  8653 | D:8      | Reached skill level 5 in Maces & Flails
  8653 | D:8      | Reached skill level 5 in Polearms
  8653 | D:8      | Reached skill level 5 in Slings
  8653 | D:8      | Reached skill level 5 in Bows
  8653 | D:8      | Reached skill level 5 in Crossbows
  8653 | D:8      | Reached skill level 5 in Armour
  8653 | D:8      | Reached skill level 5 in Stealth
  8653 | D:8      | Reached skill level 5 in Shields
  8653 | D:8      | Reached skill level 5 in Unarmed Combat
  8653 | D:8      | Reached skill level 5 in Spellcasting
  8653 | D:8      | Reached skill level 5 in Evocations
  8892 | D:8      | Found Seeddo's Lightly-Used Armoury.
 10020 | D:5      | Bought a pitted chain mail for 294 gold pieces
 10020 | D:5      | Bought a faintly humming cloak for 294 gold pieces
 10030 | D:5      | Identified the +3 cloak of Otaihau {rPois Str-4 Dex+4} (You
                  | bought it in a shop on level 5 of the Dungeon)
 10040 | D:5      | Identified the +6 chain mail of the Catfish {*Slow Regen+
                  | Str+5} (You bought it in a shop on level 5 of the Dungeon)
 10187 | D:4      | Bought a potion of resistance for 130 gold pieces
 10253 | D:7      | Bought 2 scrolls of blinking for 180 gold pieces
 10253 | D:7      | Bought a scroll of identify for 24 gold pieces
 10317 | D:9      | Noticed RedRedRas's ghost (novice SpDe)
 10586 | D:9      | Found a runed translucent gate.
 10586 | D:9      | Found a runed translucent gate.
 10586 | D:9      | Found a runed translucent gate.
 10697 | D:9      | Found a glowing golden altar of the Shining One.
 10894 | D:10     | Entered Level 10 of the Dungeon
 10899 | D:10     | Found a shattered altar of Ashenzari.
 10942 | D:10     | Found a flagged portal.
 10963 | Bailey   | Entered a bailey
 11207 | Bailey   | Noticed an orc knight
 11207 | Bailey   | Noticed an orc knight
 11231 | Bailey   | Killed an orc knight
 11231 | Bailey   | Reached XP level 11. HP: 40/84 MP: 19/19
 11259 | Bailey   | Killed an orc knight
 11266 | Bailey   | Reached skill level 6 in Shields
 11397 | Bailey   | Noticed an orc knight
 11447 | Bailey   | Killed an orc knight
 11447 | Bailey   | Reached skill level 5 in Conjurations
 11447 | Bailey   | Reached skill level 5 in Hexes
 11447 | Bailey   | Reached skill level 5 in Summonings
 11447 | Bailey   | Reached skill level 5 in Necromancy
 11447 | Bailey   | Reached skill level 5 in Translocations
 11447 | Bailey   | Reached skill level 5 in Transmutations
 11447 | Bailey   | Reached skill level 5 in Fire Magic
 11447 | Bailey   | Reached skill level 5 in Ice Magic
 11447 | Bailey   | Reached skill level 5 in Air Magic
 11447 | Bailey   | Reached skill level 5 in Earth Magic
 11447 | Bailey   | Reached skill level 5 in Poison Magic
 11520 | Bailey   | Noticed an orc knight
 11542 | Bailey   | Killed an orc knight
 12842 | D:11     | Noticed a two-headed ogre
 12875 | D:11     | Killed a two-headed ogre
 13057 | D:11     | Noticed a brown ugly thing
 13071 | D:11     | Killed a brown ugly thing
 13408 | D:11     | Found a staircase to the Orcish Mines.
 13874 | D:12     | Noticed a two-headed ogre
 13896 | D:12     | Killed a two-headed ogre
 13896 | D:12     | Reached XP level 12. HP: 94/94 MP: 22/22
 13910 | D:12     | Reached skill level 7 in Shields
 13956 | D:12     | Found a frozen archway.
 14044 | IceCv    | Entered an ice cave
 14955 | IceCv    | Got an aquamarine-studded ring mail
 14957 | IceCv    | Got a jewelled chain mail
 15133 | D:12     | Identified the +11 chain mail "Honoeky" {+Inv +Fly Dex+4}
                  | (You found it in an ice cave)
 15143 | D:12     | Identified the +1 ring mail of Jyruis {rF- rC+ Str+3} (You
                  | found it in an ice cave)
 15145 | D:12     | Noticed a two-headed ogre
 15176 | D:12     | Killed a two-headed ogre
 15835 | D:12     | Reached skill level 10 in Staves
 15835 | D:12     | Reached skill level 10 in Dodging
 15956 | D:12     | Noticed a two-headed ogre
 15966 | D:12     | Killed a two-headed ogre
 15973 | D:12     | Noticed a two-headed ogre
 15973 | D:12     | Noticed a two-headed ogre
 15978 | D:12     | Noticed a two-headed ogre
 15997 | D:12     | Killed a two-headed ogre
 16035 | D:12     | Killed a two-headed ogre
 16414 | D:12     | Noticed an ogre mage
 16426 | D:12     | Killed an ogre mage
 16426 | D:12     | Reached XP level 13. HP: 97/101 MP: 24/24
 16754 | D:5      | Bought a runed scarf for 248 gold pieces
 16759 | D:5      | Bought a runed cloak for 232 gold pieces
 16921 | Orc:1    | Entered Level 1 of the Orcish Mines
 17263 | Orc:1    | Reached skill level 8 in Shields
 17799 | Orc:1    | Noticed thethe's ghost (journeyman TrCj)
 18031 | Orc:1    | Found a transporter.
 18038 | Orc:1    | Found a transporter.
 18369 | D:9      | Killed RedRedRas's ghost
 18416 | D:9      | Got the ring "Naallet" {Fire}
 18420 | D:9      | Identified the ring "Naallet" {Fire rPois Int+2 Dex+4} (You
                  | found it on level 9 of the Dungeon)
 18485 | Orc:2    | Entered Level 2 of the Orcish Mines
 18485 | Orc:2    | Found a staircase to the Elven Halls.
 19253 | Orc:2    | Found a roughly hewn altar of Beogh.
 19324 | Orc:2    | Found Hamumaol's Antique Weapon Shop.
 19453 | Orc:2    | Found a roughly hewn altar of Beogh.
 19552 | Orc:2    | Found Fuofar's Jewellery Shop.
 19690 | Orc:2    | Noticed an orc warlord
 19746 | Orc:2    | Killed an orc warlord
 20229 | Orc:2    | Found Vipet's Antique Weapon Emporium.
 20231 | Orc:2    | Found a roughly hewn altar of Beogh.
 20253 | Orc:2    | Found Deoranaut's Antique Armour Shoppe.
 20324 | Orc:2    | Paralysed by an orc sorcerer for 4 turns
 20563 | Orc:2    | Found a roughly hewn altar of Beogh.
 20700 | Orc:2    | Found a roughly hewn altar of Beogh.
 20841 | Orc:2    | Found Qeqemorgh's General Store.
 20858 | Orc:2    | Bought a scroll of identify for 32 gold pieces
 20858 | Orc:2    | Identified a scroll of acquirement
 20859 | Orc:2    | Acquired a +0 lajatang of electrocution
 21310 | Orc:1    | Killed thethe's ghost
 21310 | Orc:1    | Reached skill level 9 in Shields
 21316 | Orc:1    | Got a glittering ruby amulet
 21403 | Orc:1    | Identified the amulet "Ibys" {Reflect +Blink Int+5 Slay-5
                  | SH+5 SInv} (You found it on level 1 of the Orcish Mines)
 21483 | Orc:2    | Bought the brooch of Shielding {Spirit SH+8} for 1009 gold
                  | pieces
 21483 | Orc:2    | Found the brooch of Shielding {Spirit SH+8}
 21684 | Lair:1   | Entered Level 1 of the Lair of Beasts
 21800 | Lair:1   | Found a runed translucent door.
 21805 | Lair:1   | Noticed fly's ghost (journeyman FoDe)
 21821 | Lair:1   | Killed fly's ghost
 22766 | Lair:2   | You fall into a shaft and drop 1 floor!
 22796 | Lair:3   | Reached XP level 14. HP: 89/109 MP: 22/26
 22816 | Lair:3   | Reached skill level 10 in Fighting
 22816 | Lair:3   | Reached skill level 10 in Throwing
 23159 | Lair:2   | Found a staircase to the Shoals.
 24211 | Lair:3   | Found a staircase to the Snake Pit.
 24975 | Lair:4   | Noticed Kirke
 24987 | Lair:4   | Killed Kirke
 24992 | Lair:4   | Reached skill level 10 in Shields
 25194 | Lair:4   | Reached skill level 10 in Invocations
 25847 | Lair:4   | Reached XP level 15. HP: 117/117 MP: 28/28
 26892 | Lair:6   | Entered Level 6 of the Lair of Beasts
 27193 | Lair:6   | Reached skill level 11 in Shields
 27762 | Lair:6   | Reached skill level 10 in Short Blades
 27762 | Lair:6   | Reached skill level 10 in Long Blades
 27762 | Lair:6   | Reached skill level 10 in Axes
 27762 | Lair:6   | Reached skill level 10 in Maces & Flails
 27762 | Lair:6   | Reached skill level 10 in Polearms
 27762 | Lair:6   | Reached skill level 10 in Slings
 27762 | Lair:6   | Reached skill level 10 in Bows
 27762 | Lair:6   | Reached skill level 10 in Crossbows
 27762 | Lair:6   | Reached skill level 10 in Armour
 27762 | Lair:6   | Reached skill level 10 in Stealth
 27762 | Lair:6   | Reached skill level 10 in Unarmed Combat
 27762 | Lair:6   | Reached skill level 10 in Spellcasting
 27762 | Lair:6   | Reached skill level 10 in Evocations
 28105 | Lair:6   | Reached XP level 16. HP: 118/124 MP: 30/30
 28577 | Lair:6   | Found a staircase to the Slime Pits.
 28930 | Orc:2    | Bought a buzzing longbow for 304 gold pieces
 28936 | Orc:2    | Identified the +7 longbow of Pyud {vorpal, Str+5} (You
                  | bought it in a shop on level 2 of the Orcish Mines)
 29769 | Orc:2    | Bought an ancient flail for 272 gold pieces
 29769 | Orc:2    | Identified the cursed +0 flail of Bip Ceri {freeze, rN+}
                  | (You bought it in a shop on level 2 of the Orcish Mines)
 30047 | D:13     | Found a runed translucent door.
 30047 | D:13     | Noticed Uret's ghost (journeyman GrFi)
 30067 | D:13     | Killed Uret's ghost
 30439 | D:13     | Found Astriawoe's Book Emporium.
 30546 | D:13     | Found a gate to the Vaults.
 30949 | D:13     | Identified the Papyrus of the Toadstool
 31466 | D:14     | Reached skill level 12 in Shields
 32279 | D:14     | Got a crude marble ring
 32368 | D:14     | Identified the ring "Tevyuqeb" {rN+ Dex+6} (You found it on
                  | level 14 of the Dungeon)
 32394 | D:15     | Entered Level 15 of the Dungeon
 32462 | D:15     | Identified the Catalogue of Earthen Displacement
 32543 | D:15     | Found an opulent altar of Gozag.
 32544 | D:15     | Found Gozag's Platinum Reserve.
 33612 | D:15     | Found a staircase to the Depths.
 33666 | D:15     | Bought the +3 sling "Punk" {acid, rCorr} for 2018 gold
                  | pieces
 33666 | D:15     | Found the +3 sling "Punk" {acid, rCorr}
 34516 | Elf:1    | Entered Level 1 of the Elven Halls
 34994 | Elf:1    | Found a ruined gateway.
 35031 | Elf:1    | Reached XP level 17. HP: 116/133 MP: 29/31
 35063 | Elf:1    | Found a glowing silver altar of Zin.
 35063 | Elf:1    | Found a white marble altar of Elyvilon.
 35063 | Elf:1    | Found a glowing golden altar of the Shining One.
 35072 | Desolati | Entered the Desolation of Salt
 35401 | Desolati | Reached skill level 13 in Shields
 35614 | Desolati | Identified the cursed +1 demon whip "Yckull" {elec, MR+
                  | MP+9 Str+4 SInv}
 35764 | Desolati | Identified Qume's Handbook of Nocuous Sinister Secrets
 35777 | Desolati | Got an ichor-stained scale mail
 36822 | Desolati | Reached skill level 10 in Earth Magic
 37074 | Desolati | Identified Zodo's Guide on the Compass
 37141 | Desolati | Found the +5 robe of Misfortune {*Contam Harm *Corrode
                  | *Drain *Slow EV+5}
 37144 | Desolati | Identified the Collected Works on Enchanting Snow
 37147 | Desolati | Identified the Catalogue of Creative Intoxication
 37911 | Elf:1    | Identified the +2 scale mail of the Elephant {-Tele Int+8
                  | Dex+2} (You found it in the Desolation of Salt)
 38475 | Elf:1    | Cast into level 2 of the Abyss (a deep elf sorcerer)
 38493 | Abyss:2  | Found a corrupted altar of Lugonu.
 38544 | Abyss:2  | Gained mutation: You occasionally shout uncontrollably at
                  | your foes. [a shining eye]
 38705 | Abyss:2  | Reached XP level 18. HP: 100/141 MP: 31/33
 38774 | Abyss:2  | Reached skill level 14 in Shields
 38872 | Abyss:2  | Noticed a bone dragon
 38902 | Abyss:2  | Killed a bone dragon
 38902 | Abyss:2  | Reached skill level 10 in Conjurations
 38902 | Abyss:2  | Reached skill level 10 in Hexes
 38902 | Abyss:2  | Reached skill level 10 in Summonings
 38902 | Abyss:2  | Reached skill level 10 in Necromancy
 38902 | Abyss:2  | Reached skill level 10 in Translocations
 38902 | Abyss:2  | Reached skill level 10 in Transmutations
 38902 | Abyss:2  | Reached skill level 10 in Fire Magic
 38902 | Abyss:2  | Reached skill level 10 in Ice Magic
 38902 | Abyss:2  | Reached skill level 10 in Air Magic
 38902 | Abyss:2  | Reached skill level 10 in Poison Magic
 38912 | Elf:1    | Escaped the Abyss
 39210 | Elf:1    | Identified the Disquisition on Supportive Attacks
 40305 | Elf:2    | Found a huge runed translucent gate.
 40305 | Elf:2    | Found a huge runed translucent gate.
 40305 | Elf:2    | Found a huge runed translucent gate.
 40305 | Elf:2    | Found a huge runed translucent gate.
 40306 | Elf:2    | Found a huge runed translucent gate.
 40987 | Snake:1  | Entered Level 1 of the Snake Pit
 44448 | Snake:4  | Entered Level 4 of the Snake Pit
 44911 | Snake:4  | Reached XP level 19. HP: 149/149 MP: 35/35
 44929 | Snake:4  | Reached skill level 15 in Shields
 44932 | Snake:4  | Identified the +5 flail of Day {protect, MR+ Stlth+}
 44993 | Snake:4  | HP: 7/149 [naga sharpshooter/bolt (1)]
 45428 | Snake:4  | Noticed Aizul
 45445 | Snake:4  | Killed Aizul
 46884 | Snake:4  | Got a serpentine rune of Zot
 47128 | Snake:4  | Bought the +7 great mace "Firestarter" {inner flame, rF++}
                  | for 854 gold pieces
 47128 | Snake:4  | Found the +7 great mace "Firestarter" {inner flame, rF++}
 47496 | Elf:3    | Entered Level 3 of the Elven Halls
 48388 | Elf:3    | Noticed Bai Suzhen
 48408 | Elf:3    | Killed Bai Suzhen
 48497 | Elf:3    | Identified the +8 dagger of the Globe {flame, *Noise rC+
                  | Str+3}
 48843 | Elf:3    | Reached XP level 20. HP: 73/157 MP: 18/36
 49713 | Elf:3    | Reached skill level 16 in Shields
 50359 | Elf:3    | Identified the ring of the Rose {MP+9 Dex+6}
 50378 | Elf:3    | Identified the +3 robe "Saegry" {Harm rF+ Int-5}
 51392 | Elf:3    | Got a brightly glowing amber ring
 51394 | Elf:3    | Identified the ring "Zeex Naf" {rElec rF+++ Dex+6 SInv
                  | Stlth-} (You found it on level 3 of the Elven Halls)
 51399 | Elf:3    | Learned a level 1 spell: Apportation
 51405 | Elf:3    | Learned a level 5 spell: Summon Mana Viper
 51529 | Elf:3    | Identified the Collected Works on the Frostbite and the
                  | Rocks
 52119 | Depths:1 | Entered Level 1 of the Depths
 52122 | Depths:1 | Noticed an ancient lich
 52124 | Depths:1 | Noticed a Brimstone Fiend
 52131 | Depths:1 | Noticed a Tzitzimitl
 52132 | Depths:1 | Noticed a Tzitzimitl
 52304 | Depths:1 | Killed an ancient lich
 53110 | Depths:1 | Identified the Compendium of Sinister Rites
 53121 | Depths:1 | Learned a level 5 spell: Borgnjor's Vile Clutch
 53287 | Depths:1 | Noticed a juggernaut
 53290 | Depths:1 | Reached XP level 21. HP: 137/165 MP: 38/38
 53308 | Depths:1 | Killed a juggernaut
 53368 | Depths:1 | Reached skill level 17 in Shields
 54052 | Depths:1 | Found Cuujoj's General Store.
 54128 | Depths:1 | Bought a scroll of blinking for 120 gold pieces
 54128 | Depths:1 | Bought a manual of Air Magic for 1766 gold pieces
 54128 | Depths:1 | Bought a potion of haste for 160 gold pieces
 54128 | Depths:1 | Bought the +6 arbalest "Damnation" {damnation} for 1280
                  | gold pieces
 54128 | Depths:1 | Found the +6 arbalest "Damnation" {damnation}
 54681 | Depths:1 | Found a gateway to Hell.
 55349 | Depths:1 | Reached skill level 15 in Staves
 55349 | Depths:1 | Reached skill level 15 in Dodging
 55786 | Depths:1 | Reached skill level 15 in Invocations
 56324 | Depths:1 | Paralysed by a great orb of eyes for 4 turns
 56737 | Depths:1 | You fall into a shaft and drop 1 floor!
 57043 | Depths:2 | Paralysed by a vampire knight for 7 turns
 57158 | Depths:2 | Reached XP level 22. HP: 49/173 MP: 23/40
 57799 | Depths:2 | Found a one-way gate to the infinite horrors of the Abyss.
 57887 | Depths:2 | Found a gateway to a ziggurat.
 58186 | Depths:2 | Identified the Reference Book on the Warped Snowflakes
 58285 | Depths:2 | Reached skill level 18 in Shields
 58526 | Depths:2 | HP: 2/174 [deep troll (18)]
 58526 | Depths:2 | Slain by a deep troll

Illustrated notes

Levels and vault maps discovered:
D:1:      evilmike_arrival_crescent, layout_loops_ring
D:2:      layout_loops_corners
D:3:      layout_basic, kennysheep_small_spiral, lemuel_tele_altar, uniq_sigmund
D:4:      layout_gridville, serial_shops, shop, nicolae_shop_overgrown_old_shop,
          shop_coins, gup_sewer_entry_spiral, ebering_dispersal_statue_hall,
          uniq_crazy_yiuf_cottage
D:5:      layout_loops_ring, minmay_temple_entry_statues, serial_shops, shop
D:6:      layout_rooms
D:7:      layout_basic, serial_shops, shop, eino_tiny_chamber
D:8:      layout_basic, erik_lair_dragon, minivault_19, chequers_big_river,
          minmay_misc_feat_room, minmay_shop_damaged, uniq_maurice
D:9:      layout_cave_pools, tso_oasis_becter, gammafunk_ghost_icy,
          corexii_corridor_pit, kennysheep_generic_room_8
D:10:     layout_stronghold, enter_bailey_3, ashenzari_altar_1
D:11:     layout_stronghold, orc_0_dummy, kennysheep_another_room
D:12:     layout_loops_corners, portal_ice_cave_rime
D:13:     layout_cave_pods, hangedman_vaults_entry_quadrant_bands,
          ebering_ghost_inner_flame, serial_shops, nicolae_shop_stone,
          nrook_mini_vaults
D:14:     kennysheep_tiny_hell, layout_basic, serial_ice, serial_ice_o,
          serial_ice_n, serial_ice_g, serial_ice_b, serial_ice_m, serial_ice_h,
          serial_ice_k
D:15:     grunt_enter_depths_snipers, layout_basic,
          hangedman_abyss_or_decor_stagger, nicolae_gozag_zags_fifth_avenue
Temple:   regret_index_temple_sigil_plot
Lair:1:   layout_cave_pods, ebering_ghost_inner_flame, fungi_pond_lemuel
Lair:2:   layout_gridlike, shoals_dummy_entry, grunt_megastairs_5
Lair:3:   layout_gridlike, minmay_snake_entry_six_corridors,
          nicolae_quartered_pool_super, serial_bayou_shore_b
Lair:4:   layout_regular_city, grunt_megastairs_1, uniq_kirke
Lair:5:   layout_regular_city, minmay_stone_trees_medium, minivault_23,
          disabler_island
Lair:6:   minmay_lair_end_enchanted_forest, layout_hall_layers,
          dpeg_slime_entry_corner
Snake:1:  dpeg_oklob_gauntlet, layout_gridlike
Snake:2:  layout_basic
Snake:3:  layout_rooms, serial_bayou_pond_e, nicolae_large_snake_swirl
Snake:4:  snake_pit, layout_concentric_octagons, uniq_aizul
Orc:1:    layout_caves, gammafunk_ghost_berserking_beasts
Orc:2:    grunt_orc_community_town_hall, layout_caves,
          grunt_orc_community_big_house_2, grunt_orc_community_big_house_2,
          grunt_orc_community_house_2, grunt_orc_community_house_2,
          grunt_orc_community_house_2, grunt_orc_community_house_2,
          grunt_orc_community_house_3, serial_shops, shop
Elf:1:    minmay_elf_arrival_plus, layout_loops_cross,
          portal_desolation_entry_holy_temple, minmay_elf_sorcery
Elf:2:    layout_geoelf_grid
Elf:3:    minmay_elf_hall_hex, layout_geoelf_castle, uniq_bai_suzhen
Depths:1: evilmike_diamond_2, layout_cave_shapes, minmay_misc_feat_rows,
          serial_shops, nicolae_shop_crystal, special_room
          [special_room_morgue], pf_vacation_house_of_asmodeus, abandoned_shop,
          minmay_starry_boxes, grunt_megastairs_4
Depths:2: nicolae_whirlpool, layout_cave_pools, enter_ziggurat_c,
          grunt_pan_entry_spiral, grunt_mini_vestibule, abyss_entry,
          kennysheep_flooded_box, onia_ninara_cookie, infiniplex_staircase_star

Skill      XL: |  1  2  3  4  5  6  7  8  9 10 11 12 13 14 15 16 17 18 19 20 21 22 |
---------------+-------------------------------------------------------------------+-----
Invocations    | 1 2 3 4 5 6 7 8 9 10 11 12 13 14 15 | 15.4
Short Blades   | 1 2 3 4 5 6 7 8 9 10 11 12 13 14 | 14.3
Long Blades    | 1 2 3 4 5 6 7 8 9 10 11 12 13 14 | 14.3
Axes           | 1 2 3 4 5 6 7 8 9 10 11 12 13 14 | 14.3
Maces & Flails | 1 2 3 4 5 6 7 8 9 10 11 12 13 14 | 14.3
Polearms       | 1 2 3 4 5 6 7 8 9 10 11 12 13 14 | 14.3
Slings         | 1 2 3 4 5 6 7 8 9 10 11 12 13 14 | 14.3
Bows           | 1 2 3 4 5 6 7 8 9 10 11 12 13 14 | 14.3
Crossbows      | 1 2 3 4 5 6 7 8 9 10 11 12 13 14 | 14.3
Armour         | 1 2 3 4 5 6 7 8 9 10 11 12 13 14 | 14.3
Stealth        | 1 2 3 4 5 6 7 8 9 10 11 12 13 14 | 14.3
Shields        | 1 2 3 4 5 6 7 9 10 11 12 13 14 15 16 17 18 | 18.0
Unarmed Combat | 1 2 3 4 5 6 7 8 9 10 11 12 13 14 | 14.3
Spellcasting   | 1 2 3 4 5 6 7 8 9 10 11 12 13 14 | 14.3
Evocations     | 1 2 3 4 5 6 7 8 9 10 11 12 13 14 | 14.3
Conjurations   | 1 2 3 4 5 6 7 8 9 10 11 12 | 12.3
Hexes          | 1 2 3 4 5 6 7 8 9 10 11 12 | 12.3
Summonings     | 1 2 3 4 5 6 7 8 9 10 11 12 | 12.3
Necromancy     | 1 2 3 4 5 6 7 8 9 10 11 12 | 12.3
Translocations | 1 2 3 4 5 6 7 8 9 10 11 12 | 12.3
Transmutations | 1 2 3 4 5 6 7 8 9 10 11 12 | 12.3
Fire Magic     | 1 2 3 4 5 6 7 8 9 10 11 12 | 12.3
Ice Magic      | 1 2 3 4 5 6 7 8 9 10 11 12 | 12.3
Air Magic      | 1 2 3 4 5 6 7 8 9 10 11 12 | 12.9
Earth Magic    | 1 2 3 4 5 6 7 8 9 10 11 12 13 14 | 14.6
Poison Magic   | 1 2 3 4 5 6 7 8 9 10 11 12 | 12.3
Fighting       | 5 6 7 8 9 10 11 12 13 14 | 14.9
Throwing       | 5 6 7 8 9 10 11 12 13 14 | 14.9
Staves         | 7 8 9 10 11 12 13 14 15 | 15.4
Dodging        | 7 8 9 10 11 12 13 14 15 | 15.4

Action                   |  1- 3 |  4- 6 |  7- 9 | 10-12 | 13-15 | 16-18 | 19-21 | 22-24 || total
-------------------------+-------+-------+-------+-------+-------+-------+-------+-------++-------
Melee: Quarterstaff      |    65 |   229 |   256 |   759 |   537 |       |       |       ||  1846
       Bite              |     8 |    23 |    23 |   141 |   226 |   190 |   126 |    19 ||   756
       Lajatang          |       |       |       |       |   551 |   797 |   217 |     6 ||  1571
       Fustibalus        |       |       |       |       |       |     1 |       |       ||     1
       Great mace        |       |       |       |       |       |       |   345 |    67 ||   412
 Fire: Longbow           |       |       |       |       |       |   579 |   532 |    24 ||  1135
       Fustibalus        |       |       |       |       |       |   424 |   145 |    42 ||   611
       Arbalest          |       |       |       |       |       |       |     8 |    10 ||    18
Throw: Boomerang         |       |       |    24 |    46 |    90 |     2 |     7 |     1 ||   170
       Throwing net      |       |       |     2 |       |       |       |       |       ||     2
       Dart              |       |       |    15 |    44 |       |       |       |       ||    59
       Javelin           |       |       |       |    24 |       |       |       |       ||    24
 Cast: Beastly Appendage |       |     1 |       |       |       |       |       |       ||     1
       Wereblood         |       |     1 |       |       |       |       |       |       ||     1
       Borgnjor's Vile C |       |       |       |       |       |       |       |     1 ||     1
Invok: Call Merchant     |       |       |       |       |       |     3 |     1 |       ||     4
 Abil: Evoke Invisibilit |       |       |       |     1 |     1 |       |       |       ||     2
Evoke: Wand              |       |       |     3 |     9 |     4 |     3 |     3 |       ||    22
       Condenser vane    |       |       |       |       |       |       |     1 |     1 ||     2
  Use: Potion            |       |     5 |       |     4 |     1 |     6 |     5 |       ||    21
       Scroll            |       |     9 |     2 |    11 |    10 |     6 |     8 |       ||    46
 Stab: Sleeping          |     1 |     5 |     7 |     4 |     6 |     6 |     1 |       ||    30
       Held in net/web   |       |       |     1 |       |       |       |       |       ||     1
       Paralysed         |       |       |       |    14 |     9 |       |       |       ||    23
       Petrifying        |       |       |       |     5 |       |       |       |       ||     5
       Petrified         |       |       |       |     2 |     3 |       |       |       ||     5
       Invisible         |       |       |       |     7 |     4 |       |       |       ||    11
       Distracted        |       |       |       |     1 |    17 |     9 |     8 |     1 ||    36
Armor: Leather armour    |    20 |    77 |    14 |       |       |       |       |       ||   111
       Skin              |       |    10 |       |       |       |       |       |       ||    10
       Scale mail        |       |       |    51 |    14 |       |       |       |       ||    65
       Chain mail        |       |       |       |   324 |   457 |   511 |   360 |    42 ||  1694
Dodge: Dodged            |    46 |   245 |   172 |   550 |   792 |   915 |   624 |    94 ||  3438
Block: Other             |       |       |       |       |   206 |   412 |   300 |    35 ||   953
       Kite shield       |       |       |       |       |       |   178 |       |       ||   178

Table legend: (Time is in decaauts)
 A = Elapsed time spent in this place.
 B = Non-inter-level travel time spent in this place.
 C = Inter-level travel time spent in this place.
 D = Time resting spent in this place.
 E = Time spent auto-exploring this place.
 F = Levels seen in this place.
 G = Mean time per level.
                   A        B        C        D        E       F      G
               +--------+--------+--------+--------+--------+-----+--------+
         Total |  58331 |  52550 |   5781 |   7917 |  32830 |  38 | 1535.0 |
       Dungeon |  22212 |  18136 |   4076 |   2004 |  12162 |  15 | 1480.8 |
        Temple |    140 |    140 |      0 |      0 |     97 |   1 |  140.0 |
          Lair |   6818 |   6350 |    468 |    100 |   5133 |   6 | 1136.3 |
     Snake Pit |   6249 |   6126 |    123 |   1073 |   3916 |   4 | 1562.2 |
  Orcish Mines |   4326 |   3670 |    656 |    727 |   2125 |   2 | 2163.0 |
   Elven Halls |   7412 |   6956 |    456 |   1826 |   3643 |   3 | 2470.7 |
        Depths |   5533 |   5533 |      0 |   1454 |   2761 |   2 | 2766.5 |
         Abyss |    406 |    406 |      0 |      0 |     85 |   1 |  406.0 |
         Sewer |    738 |    738 |      0 |    116 |    391 |   1 |  738.0 |
        Bailey |    614 |    614 |      0 |      0 |    266 |   1 |  614.0 |
      Ice Cave |   1060 |   1060 |      0 |    528 |     76 |   1 | 1060.0 |
    Desolation |   2819 |   2819 |      0 |     88 |   2173 |   1 | 2819.0 |
               +--------+--------+--------+--------+--------+-----+--------+

Top non-repeatable levels by time:
   Elf:3: 4370 daAuts
Depths:1: 3768 daAuts
Desolation: 2819 daAuts
 Snake:4: 2736 daAuts
     D:8: 2657 daAuts
   Orc:2: 2413 daAuts
    D:15: 2319 daAuts
   Elf:1: 1966 daAuts
    D:12: 1966 daAuts
   Orc:1: 1913 daAuts
    D:11: 1869 daAuts
Depths:2: 1764 daAuts
     D:7: 1754 daAuts
  Lair:6: 1696 daAuts
     D:4: 1650 daAuts
